 Dungeon Crawl Stone Soup version 0.26.0-10-g1f06aea511 (webtiles) character file.

Game seed: 497153980933422031

4475 Borgoz the Fighter (level 10, -10/90 HPs)
             Began as a Ghoul Gladiator on Jan 15, 2021.
             Was a Follower of Ashenzari.
             Mangled by a two-headed ogre
             ... wielding a +0 giant spiked club
              (12 damage)
             ... on level 9 of the Dungeon.
             The game lasted 00:12:01 (9685 turns).

Borgoz the Fighter (Ghoul Gladiator)                Turns: 9685, Time: 00:12:02

Health: -10/90     AC: 10    Str: 19    XL:     10   Next: 38%
Magic:  9/9        EV: 17    Int:  3    God:    Ashenzari [*.....]
Gold:   1112       SH:  0    Dex: 19    Spells: 6/9 levels left

rFire    . . .     SeeInvis .   a - +3 long sword
rCold    + . .     Faith    .   (no shield)
rNeg     + + +     Spirit   .   m - +0 acid dragon scales
rPois    ∞         Reflect  .   c - +0 helmet
rElec    .         Harm     .   w - +0 cloak
rCorr    +         Rampage  .   (no gloves)
Will     .....                  (no boots)
Stlth    +.........             (no amulet)
HPRegen  0.00/turn              o - +6 ring of dexterity
MPRegen  0.11/turn              (no ring)

@: no status effects
A: claws 1, cold resistance 1, negative energy resistance 3, inhibited
regeneration, torment resistance, unbreathing
a: Renounce Religion, Curse Item, Scrying


You were on level 9 of the Dungeon.
You worshipped Ashenzari.
Ashenzari was aware of your devotion.
You visited 2 branches of the dungeon, and saw 10 of its levels.

You collected 1112 gold pieces.

Inventory:

Hand Weapons
 a - a +3 long sword (weapon)
Armour
 c - a +0 helmet (worn)
 i - a +2 plate armour of fire resistance
 m - +0 acid dragon scales (worn)
 w - a +0 cloak (worn)
Jewellery
 o - a +6 ring of dexterity (left claw)
Wands
 v - a wand of iceblast (7)
Scrolls
 b - 5 scrolls of remove curse
 f - a scroll of blinking
 h - 6 scrolls of teleportation
 r - a scroll of fear
 t - 2 scrolls of magic mapping
Potions
 d - 2 potions of curing
 e - a potion of berserk rage {unknown}
 g - a potion of might
 j - a potion of cancellation
 l - 3 potions of haste {unknown}
 q - 2 potions of brilliance
 s - 4 potions of flight


   Skills:
 + Level 8.5 Fighting
 + Level 7.3 Long Blades
 - Level 1.7 Throwing
 + Level 6.6 Armour
 + Level 7.3 Dodging


You had 6 spell levels left.
You knew the following spells:

 Your Spells              Type           Power        Failure   Level
a - Confusing Touch       Hex            0%           93%         3

Your spell library contained the following spells:

 Spells                   Type           Power        Failure   Level
 Animate Skeleton         Necr           0%           61%         1
 Pain                     Necr           0%           61%         1
 Gell's Gravitas          Tloc           0%           93%         3
 Vampiric Draining        Necr           0%           93%         3
 Animate Dead             Necr           0%           100%        4
 Petrify                  Tmut/Erth      0%           100%        4
 Agony                    Necr           0%           100%        5
 Metabolic Englaciation   Hex/Ice        0%           100%        5
 Yara's Violent Unravell  Hex/Tmut       0%           100%        5


Dungeon Overview and Level Annotations

Branches:
Dungeon (9/15)             Temple (1/1) D:4            Lair (0/6) D:9
    Orc: D:9-12

Altars:
Ashenzari
Cheibriados
Dithmenos
Elyvilon
Fedhas
Gozag
Hepliaklqana
Kikubaaqudgha
Makhleb
Nemelex Xobeh
Okawaru
Qazlal
Ru
Sif Muna
Trog
Uskayaw
Vehumet
Wu Jian
Xom
Yredelemnul
Zin
The Shining One


Innate Abilities, Weirdness & Mutations

You thrive by killing the living.
You are immune to poison.
You have sharp fingernails.
Your flesh is cold resistant. (rC+)
You are immune to negative energy. (rN+++)
You do not regenerate when monsters are visible.
You are immune to unholy pain and torment.
You can survive without breathing.


Message History

The two-headed ogre is moderately wounded.
The two-headed ogre completely misses you.
You slash the two-headed ogre!
The two-headed ogre is moderately wounded.
You slash the two-headed ogre!
The two-headed ogre is heavily wounded.
The two-headed ogre hits you with a +0 giant spiked club!!
The two-headed ogre misses you.
You are too injured to fight recklessly!
You are too injured to fight recklessly!
You hit the two-headed ogre.
The two-headed ogre is severely wounded.
The two-headed ogre hits you with a +0 giant spiked club.
The two-headed ogre misses you.
You slash the two-headed ogre!
The two-headed ogre is severely wounded.
The two-headed ogre hits you with a +0 giant spiked club!!
* * * LOW HITPOINT WARNING * * *
The two-headed ogre hits you with a +0 giant club!
You die...

.........# ....#.. #...........#
....#.. #...........# #...#...
#...........# #...#...
+...######..######
#...#....#...#....#........
#...#..).#...#....#....####
######...#....O...#....)†...#
#........######@..#..|.#....#
#.................#....#....#
#.......[.........#....#....#
#.................#....#....#
#................##....#....####
#................#....##........
#.#####.###..##..#....#.........
##.# #.####.##..#....#.........
)..# ####.....####...#...######


You could see a two-headed ogre.

Vanquished Creatures
  A two-headed ogre (D:8)
  Maggie (D:7)
  2 wyverns
  A yak (D:9)
  A water moccasin (D:8)
  3 orc warriors
  An ice beast (D:7)
  A sky beast (D:8)
  4 black bears
  2 phantoms
  2 ogres
  2 centaurs (D:5)
  3 bullfrogs
  3 scorpions
  5 killer bees (D:7)
  A howler monkey (D:4)
  4 jellies
  A bullfrog zombie (D:7)
  5 orc priests
  6 hounds
  7 orc wizards
  3 iguanas
  3 worker ants
  A killer bee zombie (D:4)
  A hound skeleton (D:5)
  8 adders
  A shadow imp (D:6)
  A white imp (D:8)
  2 ufetubi
  2 oozes (D:1)
  An adder zombie (D:8)
  3 worms
  3 dart slugs
  2 leopard geckos
  28 orcs
  A ball python (D:5)
  7 giant cockroaches
  5 goblins
  7 hobgoblins
  3 jackals (D:4)
  4 kobolds
  4 quokkas
  9 bats
  5 frilled lizards
  2 jackal skeletons
  A leopard gecko skeleton (D:4)
  A leopard gecko zombie (D:7)
  3 rats
167 creatures vanquished.

Vanquished Creatures (others)
  An orc (D:6)
  3 plants (D:9)
4 creatures vanquished.

Grand Total: 171 creatures vanquished

Notes
Turn   | Place    | Note
-------+----------+-------------------------------------------
     0 | D:1      | Borgoz the Ghoul Gladiator began the quest for the Orb.
     0 | D:1      | Reached XP level 1. HP: 17/17 MP: 0/0
   177 | D:1      | Reached XP level 2. HP: 25/25 MP: 1/1
   555 | D:1      | Reached XP level 3. HP: 24/30 MP: 2/2
   654 | D:1      | Reached skill level 1 in Armour
  1135 | D:2      | Reached skill level 3 in Fighting
  1162 | D:2      | Reached XP level 4. HP: 38/38 MP: 3/3
  1408 | D:2      | Found a hazy altar of Hepliaklqana.
  1913 | D:3      | Reached XP level 5. HP: 45/45 MP: 4/4
  2477 | D:3      | Found a hide-covered altar of Uskayaw.
  2485 | D:3      | Found a basalt altar of Yredelemnul.
  2638 | D:4      | Found a staircase to the Ecumenical Temple.
  2646 | D:4      | Found an opulent altar of Gozag.
  2689 | Temple   | Entered the Ecumenical Temple
  2720 | Temple   | Became a worshipper of Ashenzari the Shackled
  3276 | Temple   | Reached XP level 6. HP: 43/52 MP: 5/5
  3449 | D:4      | Reached skill level 4 in Fighting
  4123 | D:5      | Entered Level 5 of the Dungeon
  4132 | D:5      | Reached XP level 7. HP: 50/60 MP: 6/6
  4661 | D:5      | Reached skill level 5 in Fighting
  4814 | D:5      | Reached XP level 8. HP: 45/68 MP: 7/7
  5026 | D:5      | Learned a level 3 spell: Confusing Touch
  5478 | D:6      | Reached skill level 5 in Dodging
  5503 | D:6      | Reached skill level 5 in Long Blades
  5800 | D:6      | Reached * piety under Ashenzari
  6313 | D:7      | Noticed Maggie
  6364 | D:7      | Killed Maggie
  6365 | D:7      | Reached skill level 6 in Fighting
  6691 | D:7      | Reached XP level 9. HP: 63/78 MP: 8/8
  6905 | D:7      | Reached skill level 5 in Armour
  7311 | D:7      | Reached skill level 7 in Fighting
  7607 | D:8      | Noticed a two-headed ogre
  7627 | D:8      | Killed a two-headed ogre
  8414 | D:7      | Identified a scroll of acquirement
  8414 | D:7      | Acquired 548 gold pieces
  8651 | D:8      | Reached XP level 10. HP: 57/88 MP: 9/9
  8822 | D:8      | Found a broken altar of Ashenzari.
  8826 | D:8      | Saw a vision of the Swamp and the Spider Nest.
  8826 | D:8      | Noticed an alligator
  8850 | D:8      | Reached skill level 8 in Fighting
  9273 | D:9      | Found a staircase to the Lair.
  9678 | D:9      | Noticed a two-headed ogre
  9685 | D:9      | HP: 2/90 [two-headed ogre/+0 giant spiked club (30)]
  9685 | D:9      | Mangled by a two-headed ogre

Illustrated notes

Levels and vault maps discovered:
D:1:      lemuel_arrival_rhombus, layout_loops_corners
D:2:      layout_basic, nzn_hepliaklqana_mist_gate
D:3:      layout_loops_corners, minitemple
D:4:      layout_cave_pools, grunt_gozag_breadcrumbs, minmay_temple_entry_trees,
          minmay_cupped
D:5:      layout_loops_ring
D:6:      layout_basic
D:7:      layout_loops_corners, kennysheep_potato, uniq_maggie
D:8:      layout_rooms, grunt_ashenzari_visionary
          [grunt_ashenzari_visionary_swamp, grunt_ashenzari_visionary_spider]
D:9:      layout_irregular_city, david_lair_generic, minmay_crystal_room,
          okawaru_altar_gauntlet_db, uniq_maurice
Temple:   regret_index_temple_mists

Skill      XL: |  1  2  3  4  5  6  7  8  9 10 |
---------------+-------------------------------+-----
Long Blades    | 3 4 5 6 7 |  7.3
Dodging        | 3 4 5 6 7 |  7.3
Armour         | 1 2 3 4 6 |  6.6
Fighting       | 3 4 5 6 7 8 |  8.5
Throwing       | |  1.7

Action                   |  1- 3 |  4- 6 |  7- 9 | 10-12 || total
-------------------------+-------+-------+-------+-------++-------
Melee: Long sword        |    77 |   197 |   334 |    97 ||   705
Throw: Throwing net      |       |     2 |     4 |       ||     6
  Use: Scroll            |       |     7 |    11 |       ||    18
       Potion            |       |       |     7 |       ||     7
 Stab: Held in net/web   |       |       |     3 |       ||     3
       Sleeping          |       |       |     1 |       ||     1
Armor: Leather armour    |     3 |       |       |       ||     3
       Ring mail         |    42 |    92 |    69 |       ||   203
       Acid dragon scale |       |       |    55 |    34 ||    89
Dodge: Dodged            |    52 |   198 |   298 |    79 ||   627
       Rpst.: Long sword |    15 |    50 |    92 |    23 ||   180
